 Dungeon Crawl Stone Soup version 0.20.1-1-g8b1a95d (console) character file.

67 bli the Shield-Bearer (level 4, 0/37 HPs)
             Began as a Formicid Fighter on Aug 10, 2017.
             Slain by a howler monkey (1 damage)
             ... on level 4 of the Dungeon.
             The game lasted 00:02:56 (983 turns).

bli the Shield-Bearer (Formicid Fighter)             Turns: 983, Time: 00:02:57

Health: 0/37       AC:  7    Str: 22    XL:     4   Next: 38%
Magic:  4/4        EV:  8    Int:  7    God:
Gold:   90         SH:  9    Dex: 10    Spells: 3/3 levels left

rFire    . . .     SeeInvis +   a - +0 war axe
rCold    . . .     Gourm    .   c - +0 shield
rNeg     . . .     Faith    .   b - +0 scale mail
rPois    .         Spirit   .   (helmet unavailable)
rElec    .         Reflect  .   (no cloak)
rCorr    .         Harm     .   (no gloves)
MR       .....                  (no boots)
Stlth    ..........             (no amulet)
Regen    0.2/turn               k - ring of loudness (curse)
MPRegen  0.1/turn               (no ring)

@: no status effects
A: permanent stasis, dig shafts and tunnels, four strong arms, antennae 3
a: Dig, Shaft Self


You were on level 4 of the Dungeon.
You were hungry.

You visited 1 branch of the dungeon, and saw 3 of its levels.

You collected 90 gold pieces.

Inventory:

Hand Weapons
 a - a +0 war axe (weapon)
Missiles
 j - 14 stones (quivered)
Armour
 b - a +0 scale mail (worn)
 c - a +0 shield (worn)
Jewellery
 k - a cursed ring of loudness (left hand)
Scrolls
 e - a scroll of random uselessness {unknown}
 i - a scroll of enchant weapon {unknown}
Potions
 d - a potion of might
Comestibles
 f - 2 bread rations


   Skills:
 * Level 3.9 Fighting
 + Level 2.2 Axes
 * Level 3.7 Armour
 + Level 0.6 Dodging
 * Level 1.1 Stealth
 * Level 4.4 Shields


You had 3 spell levels left.
You didn't know any spells.

Dungeon Overview and Level Annotations

Branches:
Dungeon (2/15)

Altars:


Innate Abilities, Weirdness & Mutations

You cannot be hasted, slowed, berserked, paralysed or teleported.
You can dig through walls and to a lower floor.
Your four strong arms can wield two-handed weapons with a shield.
You have a pair of large antennae on your head. (SInv)


Message History

You hit the orc.
The orc is heavily wounded.
The orc closely misses you. The orc hits you but does no damage.
You barely miss the orc.
The orc is moderately wounded.
You block the orc's attack.
You slash the orc!
You kill the orc!
You slash the howler monkey!
The howler monkey is heavily wounded.
The howler monkey barely misses you. You block the howler monkey's attack.
You hit the howler monkey.
The howler monkey is heavily wounded.
You block the howler monkey's attack.
You closely miss the howler monkey.
The howler monkey is heavily wounded.
The howler monkey hits you.
* * * LOW HITPOINT WARNING * * *
The howler monkey hits you.
You die...

#......# #......#
o.. #....h.#
{{{#{o# #...... {
#..# ..... #..#
... . #..# #.#
#.####..# #.#
#.......#######.#
#..........)@h.#
#.####.#########
#.# #.# #.####.#
#......#.#
#........#
#.######.#
#........#
##########


You could see a howler monkey.

Vanquished Creatures
  A bullfrog skeleton (D:4)
  An adder (D:2)
  A dart slug (D:1)
  A leopard gecko (D:1)
  An orc (D:4)
  5 bats
  A giant cockroach (D:1)
  3 goblins (D:1)
  4 hobgoblins (D:1)
  4 jackals (D:1)
  A frilled lizard (D:1)
  2 rats (D:1)
25 creatures vanquished.

Notes
Turn   | Place    | Note
-------+----------+-------------------------------------------
     0 | D:1      | bli the Formicid Fighter began the quest for the Orb.
     0 | D:1      | Reached XP level 1. HP: 18/18 MP: 1/1
    43 | D:1      | Reached XP level 2. HP: 8/24 MP: 2/2
   413 | D:1      | Reached XP level 3. HP: 22/30 MP: 3/3
   536 | D:1      | Reached skill level 4 in Shields
   941 | D:2      | Reached skill level 1 in Stealth
   946 | D:2      | You fall through a shaft for 2 floors!
   949 | D:4      | Reached XP level 4. HP: 4/37 MP: 4/4
   983 | D:4      | HP: 1/37 [howler monkey (6)]
   983 | D:4      | Slain by a howler monkey

Skill      XL: |  1  2  3 |
---------------+----------+-----
Shields        | 4 |  4.4
Stealth        | 1 |  1.1
Fighting       | |  3.9
Axes           | |  2.2
Armour         | |  3.7
Dodging        | |  0.6

Action                   |  1- 3 |  4- 6 || total
-------------------------+-------+-------++-------
Melee: War axe           |    94 |     6 ||   100
Throw: Javelin           |     3 |       ||     3
 Abil: Shaft Self        |     1 |       ||     1
Armor: Scale mail        |    49 |       ||    49
Dodge: Dodged            |    39 |     2 ||    41
Block: Shield            |    68 |     4 ||    72
